 Dungeon Crawl Stone Soup version 0.21-a0-1-gaf3b9a5 (webtiles) character file.

15 turnburgler the Grave Robber (level 2, 0/24 HPs)
             Began as a Naga Necromancer on May 20, 2017.
             Slain by a ball python (1 damage)
             ... on level 1 of the Dungeon.
             The game lasted 00:05:15 (296 turns).

turnburgler the Grave Robber (Naga Necromancer)      Turns: 296, Time: 00:05:15

Health: 0/24       AC:  1    Str: 10    XL:     2   Next: 50%
Magic:  5/5        EV: 10    Int: 15    God:
Gold:   14         SH:  0    Dex: 11    Spells: 3/5 levels left

rFire    . . .     SeeInvis +   f - +0 spear
rCold    . . .     Gourm    .   (no shield)
rNeg     . . .     Faith    .   a - +0 robe
rPois    +         Spirit   .   (no helmet)
rElec    .         Reflect  .   (no cloak)
rCorr    .         Harm     .   (no gloves)
MR       .....                  (no barding)
Stlth    ++........             (no amulet)
Regen    0.1/turn               (no ring)
MPRegen  0.1/turn               (no ring)

@: very slow
A: see invisible, deformed body, poison resistance, slowness 2, slow metabolism
1, spit poison 1, AC +0
a: Spit Poison


You were on level 1 of the Dungeon.
You were not hungry.

You visited 1 branch of the dungeon, and saw 1 of its levels.

You collected 14 gold pieces.

Inventory:

Hand Weapons
 f - a +0 spear (weapon)
Missiles
 h - 22 arrows
Armour
 a - a +0 robe (worn)
 k - a +0 ring mail
Scrolls
 e - a scroll of random uselessness {unknown}
Potions
 g - a potion of brilliance {unknown}
Books
 b - a book of Necromancy

   Spells                             Type                      Level
   a - Pain                           Necromancy                   1
   b - Animate Skeleton               Necromancy                   1
   c - Vampiric Draining              Necromancy                   3
   d - Regeneration                   Charms/Necromancy            3
   e - Animate Dead                   Necromancy                   4
   f - Control Undead                 Necromancy                   4
Comestibles
 c - a bread ration
 d - a royal jelly
 i - a meat ration
 j - 4 chunks of flesh


   Skills:
 + Level 0.4 Fighting
 + Level 0.6 Polearms
 * Level 1.9 Dodging
 - Level 3.0 Stealth
 * Level 2.1 Spellcasting
 + Level 4.1 Necromancy


You had 3 spell levels left.
You knew the following spells:

 Your Spells              Type           Power        Failure   Level  Hunger
a - Pain                  Necr           ##..         4%          1    #......
b - Animate Skeleton      Necr           N/A          4%          1    #......


Dungeon Overview and Level Annotations

Branches:
Dungeon (1/15)

Altars:


Innate Abilities, Weirdness & Mutations

You cannot wear boots.
Your serpentine skin is tough. (AC +0)
You have supernaturally acute eyesight. (SInv)
Armour fits poorly on your strangely shaped body.
Your system is resistant to poisons. (rPois)
You cover ground very slowly.
You have a slow metabolism.
You can spit poison.


Message History

You barely miss the leopard gecko.
The leopard gecko is severely wounded.
The leopard gecko bites you.
* * * LOW HITPOINT WARNING * * *
The ball python closely misses you.
The leopard gecko completely misses you.
The ball python bites you but does no damage.
You barely miss the leopard gecko.
The leopard gecko is severely wounded.
The kobold hits you.
* * * LOW HITPOINT WARNING * * *
The leopard gecko bites you.
* * * LOW HITPOINT WARNING * * *
The ball python barely misses you. The leopard gecko bites you.
* * * LOW HITPOINT WARNING * * *
The kobold hits you.
* * * LOW HITPOINT WARNING * * *
The ball python bites you.
You die...

...# #.#
#..........###.#
....# #.#
#......###......
..[..###.## #......#
#.##..# .......!..#
#......###.##..#
..>....#..#
#.#.##.....##..#
..........#
#.#.##.######..#
..........# #.#>##.#
#.....
......†..K###....#.#
#.#..#
.#.....#wlS@..>#...#
#.#..#
##...##..###....###
#.#..# ##.# #..#
#.#.## #.#... ...
....###.#.# #)#...
### ###.###....#
#.#...
#.###..#########.####
#.#....####..........
..#.#......#.###.....
###.##.####.## ######


You could see a dart slug, a leopard gecko, a ball python and a kobold.

Vanquished Creatures
  An ooze (D:1)
  5 bats (D:1)
  A goblin (D:1)
  A hobgoblin (D:1)
  A frilled lizard (D:1)
  A rat (D:1)
10 creatures vanquished.

Notes
Turn   | Place    | Note
-------+----------+-------------------------------------------
     0 | D:1      | turnburgler the Naga Necromancer began the quest for the Orb.
     0 | D:1      | Reached XP level 1. HP: 15/15 MP: 3/3
    18 | D:1      | Learned a level 1 spell: Animate Skeleton
   212 | D:1      | Reached XP level 2. HP: 14/22 MP: 1/5
   295 | D:1      | HP: 1/24 [kobold (1)]
   296 | D:1      | Slain by a ball python

Vault maps used:
D:1:      dpeg_arrival_short_road, grunt_decor_resistance

Action                   || total
-------------------------++-------
Melee: Spear             ||    49
 Cast: Pain              ||     2
       Animate Skeleton  ||     2
 Stab: Sleeping          ||     1
Armor: Robe              ||    17
Dodge: Dodged            ||    22
